 Dungeon Crawl Stone Soup version 0.26.1-11-gd32895ea62 (webtiles) character file.

Game seed: 4587258250214764382

719518 teslan the Conqueror (level 27, -34/245 HPs)
             Began as a Minotaur Berserker on May 12, 2021.
             Was a High Priest of Trog.
             Killed from afar by an orb of fire (51 damage)
             ... with a fireball
             ... on level 5 of the Realm of Zot on May 20, 2021.
             The game lasted 10:39:17 (106353 turns).

teslan the Conqueror (Minotaur Berserker)         Turns: 106353, Time: 10:39:18

Health: -34/245    AC: 44    Str: 38    XL:     27
Magic:  10/10      EV: 19    Int: 11    God:    Trog [*****.]
Gold:   4138       SH: 30    Dex: 14    Spells: 26/26 levels left

rFire    + . .     SeeInvis .   a - +7 morningstar of Yvus {holy, rElec MP-9 Str+4 Int+7}
rCold    + . .     Faith    .   Z - +5 kite shield {rN+}
rNeg     + + +     Spirit   .   u - +8 orange crystal plate armour {Archmagi, Int+3 Clar}
rPois    +         Reflect  +   (helmet unavailable)
rElec    +         Harm     .   U - +2 ratskin cloak {*Rats rPois rN+ Str-1 Int-1 Dex+1}
rCorr    .         Rampage  .   X - +2 pair of gloves {Dex+3}
Will     ++++.     Clarity  +   R - +2 pair of boots
Stlth    ..........             e - amulet of reflection
HPRegen  0.00/turn              t - +6 ring of strength
MPRegen  0.12/turn              W - ring "Egafuis" {rF+ rN+ Stlth+}

@: no status effects
A: retaliatory headbutt, hooves 1, horns 3, cold resistance 1, deformed body,
dopey 2, frail 1, low mp 1, strong-willed 2, screaming 1, inhibited
regeneration, weak 2, subdued magic 1
}: 3/15 runes: decaying, serpentine, slimy
a: Renounce Religion, Berserk, Trog's Hand, Brothers in Arms


You were on level 5 of the Realm of Zot.
You worshipped Trog.
Trog was extremely pleased with you.
You visited 11 branches of the dungeon, and saw 56 of its levels.
You visited 1 bazaar.
You also visited: Gauntlet and Wizlab.

You collected 9878 gold pieces.
You spent 5740 gold pieces at shops.

Inventory:

Hand Weapons
 a - the +7 morningstar of Yvus (weapon) {holy, rElec MP-9 Str+4 Int+7}
   (You found it on level 4 of the Lair of Beasts)

   It has been blessed by the Shining One to cause great damage to the undead
   and demons.
   It affects your strength (+4).
   It affects your intelligence (+7).
   It insulates you from electricity.
   It affects your magic capacity (-9).
 c - a +3 vorpal broad axe
 k - a +2 spectral broad axe
 r - a +4 broad axe of flaming
 M - the +6 broad axe of War {flame, rC+}
   (Trog gifted it to you on level 2 of the Depths)

   It has been specially enchanted to burn those struck by it, causing extra
   injury to most foes and up to half again as much damage against particularly
   susceptible opponents.
   Big, fiery blades are also staple armaments of hydra-hunters.
   It protects you from cold.
 P - the +7 demon whip of Yesterday {vorpal, +Rage +Inv}
   (Trog gifted it to you on level 1 of the Vaults)

   It inflicts extra damage upon your enemies.
   It lets you turn invisible.
   It lets you go berserk.
Armour
 u - the +8 orange crystal plate armour (worn) {Archmagi, Int+3 Clar}
   (You bought it in a shop on level 2 of the Orcish Mines)

   It affects your intelligence (+3).
   It protects you against confusion.
 w - a +2 hat of willpower
 R - a +2 pair of boots (worn)
 U - the +2 ratskin cloak (worn) {*Rats rPois rN+ Str-1 Int-1 Dex+1}
   (You found it on level 4 of the Lair of Beasts)

   It affects your strength (-1).
   It affects your intelligence (-1).
   It affects your dexterity (+1).
   It protects you from poison.
   It protects you from negative energy.
 X - a +2 pair of gloves of dexterity (worn)
 Z - a +5 kite shield of positive energy (worn)
Jewellery
 e - an amulet of reflection (around neck)
 t - a +6 ring of strength (left hand)
 L - an uncursed ring of poison resistance
 W - the ring "Egafuis" (right hand) {rF+ rN+ Stlth+}
   (You found it in a Gauntlet)

   [ring of stealth]

   It protects you from fire.
   It protects you from negative energy.
   It makes you more stealthy.
Wands
 g - a wand of disintegration (27)
 i - a wand of digging (7)
 n - a wand of iceblast (53)
 F - a wand of acid (19)
 H - a wand of enslavement (42)
 J - a wand of polymorph (41)
 S - a wand of flame (82)
Scrolls
 b - a scroll of enchant armour
 p - 13 scrolls of fog
 v - 4 scrolls of holy word
 x - 26 scrolls of remove curse
 y - a scroll of summoning
 z - 17 scrolls of teleportation
 C - 4 scrolls of silence
 E - a scroll of brand weapon
 G - 6 scrolls of fear
 I - 6 scrolls of magic mapping
Potions
 d - 6 potions of resistance
 f - 11 potions of lignification
 j - 9 potions of haste
 l - 8 potions of magic
 m - 16 potions of curing
 q - 8 potions of flight
 s - 6 potions of might
 A - 4 potions of attraction
 B - 7 potions of mutation
 N - 3 potions of heal wounds
 T - 3 potions of invisibility
Miscellaneous
 h - a condenser vane
 D - a tin of tremorstones (2/2)
 K - a lightning rod (4/4)
 Q - a phantom mirror
 V - a box of beasts
 Y - a phial of floods (quivered)


   Skills:
 O Level 27 Fighting
 - Level 17.8(20.0) Axes
 - Level 14.1(17.7) Maces & Flails
 - Level 8.7(14.3) Polearms
 O Level 27 Armour
 + Level 19.4 Dodging
 - Level 25.0 Shields
 + Level 20.7 Evocations


You had 26 spell levels left.
You didn't know any spells.
Your spell library was empty.

Dungeon Overview and Level Annotations

Branches:
Dungeon (15/15)            Temple (0/1) D:4            Lair (6/6) D:9
  Swamp (4/4) Lair:4        Snake (4/4) Lair:2        Slime (5/5) Lair:5
    Orc (2/2) D:10            Elf (3/3) Orc:2        Vaults (4/5) D:14
  Crypt (3/3) Vaults:3       Tomb (0/3) Crypt:3      Depths (5/5) D:15
    Zot (5/5) Depths:5     WizLab (visited)         Gauntlet (visited)

Altars:
Cheibriados
Gozag
Hepliaklqana
Kikubaaqudgha
Makhleb
Nemelex Xobeh
Okawaru
Qazlal
Sif Muna
Trog
Vehumet
Wu Jian
Yredelemnul
The Shining One
Jiyva

Shops:
D:10 ::*   Orc:2 :([*   Elf:1 (   Snake:3 }([   Depths:1 (   Depths:2 ?
Depths:3 !

Portals:
Hell: Depths:1 Depths:2 Depths:4 Depths:5
Abyss: Depths:4 Depths:5
Pandemonium: Depths:3
Ziggurat: Depths:3

Annotations:
Lair:1 exclusion: oklob plant
Swamp:2 exclusion: 2 oklob plants


Innate Abilities, Weirdness & Mutations

You reflexively headbutt those who attack you in melee.
You have a pair of large horns on your head.
You have large cloven feet.
Your flesh is cold resistant. (rC+)
Armour fits poorly on your strangely shaped body.
You are very dopey. (Int -4)
You are frail. (-10% HP)
Your magical capacity is low. (-10% MP)
You are highly strong-willed. (Will++)
You occasionally shout uncontrollably at your foes.
You do not regenerate when monsters are visible.
You are very weak. (Str -4)
Your spells are a little easier to cast, but a little less powerful.


Message History

The fireball explodes!
The fireball engulfs you. You resist.
* * * LOW HITPOINT WARNING * * *
There is an open door here.
The orb of fire emits a lurid red light.
The fireball explodes!
The fireball engulfs you!!! You resist.
* * * LOW HITPOINT WARNING * * *
You feel much better.
The orb of fire glows yellow.
The fireball explodes!
The fireball engulfs you! You resist.
* * * LOW HITPOINT WARNING * * *
Blink to where?
Press: ? - help, Dir - move target
As you read the scroll of blinking, it crumbles to dust.
The orb of fire glows yellow.
The bolt of fire hits you! You resist.
* * * LOW HITPOINT WARNING * * *
There is an open door here.
The orb of fire glows deep purple.
The fireball explodes!
The fireball engulfs you!!! You resist.
You die...

##...####.....#'#######.+
#...<.'......##...##....#
##...##.#:..##.....##.#..
##.##..#...'.....^.#.#..
###'#.......#.......####.
#...#.......'.......##...
###..####...####.....##....
#.#....#.....####...##...⌠.
##..###....@...#.##'##......
##.....#.###'####..#<.#......
##......###...##.#.....[......
#.##.##.##....*##...§..##.....
###...###.......))......##....
###.....##.......#.##'##..##...
##........'.......###...#####+#+
#.....#...##.....###.....##.....
#....##....##...###.......'.....


You could see an orb of fire.

Vanquished Creatures
  5 orbs of fire
  2 juggernauts
  7 ancient liches
  The ghost of Jofris Vesimp the Sniper, a legendary GnFE of Sif Muna (Zot:2)
  The ghost of Jofris Vesimp the Sniper, a legendary GnFE of Sif Muna (Zot:2)
  The ghost of Qosocwocy the Axe Maniac, a legendary FoMo of Okawaru (Zot:2)
  The ghost of runemage the Bringer of Light, a legendary GnFi of the Shining One (Zot:2)
  The ghost of Netemen the Gnoll Aeon, a master GnFi of Cheibriados (Zot:2)
  The ghost of Netemen the Gnoll Aeon, a master GnFi of Cheibriados (Zot:2)
  The ghost of Netemen the Gnoll Aeon, a master GnFi of Cheibriados (Zot:2)
  Boris (Crypt:1)
  The ghost of Bailed the Peltast, a veteran MiMo of Qazlal (Vaults:4)
  The ghost of Icycared the Slayer, a master GrFi of Okawaru (Zot:2)
  Saint Roka (Depths:5)
  Bai Suzhen (Snake:4)
  Xtahua (Vaults:4)
  12 caustic shrikes
  Margery (Vaults:4)
  Vashnia (Snake:2)
  A curse toe (Zot:3)
  3 Killer Klowns
  14 golden dragons
  The ghost of Zonian the Slayer, an adept HOFi of Beogh (Vaults:4)
  A bone dragon (Depths:5)
  4 electric golems
  11 liches
  Jorgrun (D:14)
  12 tentacled monstrosities
  Rupert (D:14)
  3 titans
  11 Orb Guardians (Zot:5)
  9 quicksilver dragons
  4 deep elf master archers (Elf:3)
  The ghost of Leetuust the Thaumaturge, an adept GnWz of Sif Muna (Snake:2)
  7 acid blobs (Slime:5)
  2 deep elf blademasters (Elf:3)
  An ancient champion (Crypt:3)
  7 tentacled starspawn (WizLab)
  7 sphinxes
  10 death cobs
  8 draconian monks
  14 storm dragons
  5 shadow dragons
  Gastronok (Lair:2)
  5 thorn hunters
  9 nagarajas
  Donald (Swamp:4)
  2 revenants (Crypt:3)
  5 azure jellies
  8 tengu reavers
  5 fire giants
  8 draconian knights
  2 ghost moths (Zot:5)
  13 deep elf sorcerers
  10 vault wardens
  14 frost giants
  An orc warlord (Orc:1)
  6 draconian scorchers
  3 caustic shrike zombies
  A juggernaut zombie (Depths:4)
  Louise (Snake:2)
  5 deep elf elementalists (Elf:3)
  Aizul (Snake:2)
  An emperor scorpion (shapeshifter) (Vaults:1)
  3 draconian shifters
  A cacodemon (WizLab)
  2 ghouls (Crypt:3)
  4 draconian stormcallers
  3 spriggan defenders (Depths:3)
  4 draconian annihilators
  10 ironheart preservers
  26 very ugly things
  3 war gargoyles
  25 stone giants
  A deep elf annihilator (Elf:3)
  11 vampire knights
  6 deep elf demonologists
  An entropy weaver (Vaults:1)
  7 green draconians
  6 bunyips
  5 black draconians
  8 red draconians
  9 yellow draconians
  Nessos (Lair:4)
  A minotaur (Gauntlet)
  5 purple draconians
  A spectral titan (Crypt:3)
  7 white draconians
  3 spark wasps (Depths:3)
  2 spectral quicksilver dragons (Crypt:3)
  A blizzard demon (Gauntlet)
  13 eidola
  3 eleionomae
  A quicksilver dragon zombie (Depths:4)
  12 ettins
  Snorg (Orc:2)
  Josephine (Snake:1)
  11 jiangshi
  18 deep elf death magi
  2 crystal guardians (WizLab)
  14 ogre magi
  The ghost of Darold the Basher, a journeyman PaFi of Elyvilon (Lair:1)
  6 deep elf high priests
  16 fire dragons
  2 shambling mangroves (Swamp:2)
  6 yaktaur captains
  17 great orbs of eyes
  12 ice dragons
  20 hydras
  7 rakshasas
  Harold (D:7)
  A caustic shrike simulacrum (Depths:4)
  2 quicksilver dragon skeletons
  8 boulder beetles
  11 anacondas
  9 vault guards
  A catoblepas (D:15)
  A spectral shadow dragon (Crypt:3)
  3 ghost crabs
  7 spriggan air magi
  15 naga warriors
  4 death knights
  Erica (D:9)
  16 centaur warriors
  A two-headed ogre (shapeshifter) (Depths:3)
  An anaconda (shapeshifter) (Elf:3)
  A spectral stone giant (Crypt:3)
  9 tengu warriors
  39 dancing weapons
  49 two-headed ogres
  11 alligators
  9 deep troll earth magi
  10 vampire magi
  10 deep troll shamans
  14 naga sharpshooters
  2 titan zombies
  9 spriggan berserkers
  6 orc high priests
  6 shock serpents
  23 deep elf knights
  A storm dragon zombie (Depths:1)
  8 iron trolls
  7 soul eaters
  4 shadow wraiths
  6 spectral storm dragons (Crypt:3)
  2 sun demons (Depths:1)
  A titan skeleton (Depths:3)
  A fire crab (shapeshifter) (Depths:2)
  A salamander mystic (Snake:3)
  27 hell knights
  A spark wasp zombie (Depths:4)
  2 sea snakes (Snake:2)
  A small abomination (Vaults:4)
  2 quicksilver dragon simulacra
  22 flayed ghosts
  A golden dragon zombie (Depths:4)
  9 skeletal warriors
  12 bog bodies
  An anaconda zombie (Crypt:1)
  8 goliath frogs
  An iron giant zombie (Crypt:3)
  9 swamp dragons
  A shadow demon (Depths:1)
  8 naga ritualists
  8 wizards
  2 shadow dragon zombies (Crypt:1)
  An unseen horror (shapeshifter) (Vaults:2)
  5 spriggan druids
  9 glowing orange brains
  A spectral hydra (Crypt:3)
  A death drake (shapeshifter) (Depths:5)
  3 unseen horrors
  A lindwurm (Lair:3)
  Pikel (D:7)
  28 deep trolls
  13 phantasmal warriors
  3 tengu zombies
  14 ironbrand convokers
  A harpy (shapeshifter) (Vaults:4)
  21 deep elf archers
  2 obsidian statues
  18 necromancers
  12 orc knights
  3 harpies (Vaults:1)
  An oklob plant (Gauntlet)
  42 ugly things
  3 golden dragon skeletons (Depths:4)
  2 frost giant zombies
  2 shadow dragon skeletons (Depths:4)
  3 orb spiders (shapeshifter)
  2 spectral ettins (Crypt:3)
  17 mana vipers
  3 wolf spiders
  An eleionoma zombie (Crypt:2)
  68 slime creatures
  A spectral ice dragon (Crypt:3)
  6 will-o-the-wisps
  3 shining eyes
  A human zombie (Vaults:2)
  A spectral alligator (Crypt:3)
  3 tengu skeletons
  54 deep elf magi
  11 orc sorcerers
  A manticore (D:15)
  A salamander (shapeshifter) (Depths:2)
  32 moths of wrath
  12 salamanders
  6 cyclopes
  An elephant (shapeshifter) (Depths:3)
  A stone giant skeleton (Crypt:1)
  An iron dragon skeleton (Depths:4)
  Maurice (D:8)
  5 guardian serpents
  36 black mambas
  A dire elephant zombie (Crypt:1)
  2 fire giant zombies
  2 frost giant skeletons
  8 eyes of devastation
  2 spriggan zombies
  Joseph (D:7)
  2 centaur zombies
  25 naga magi
  13 vault sentinels
  4 rust devils (Depths:1)
  2 orange demons (Depths:1)
  A titan simulacrum (Depths:3)
  9 cane toads
  A swamp worm zombie (Crypt:2)
  43 yaktaurs
  A rime drake (shapeshifter) (Depths:2)
  An efreet (D:15)
  A centaur skeleton (D:11)
  11 komodo dragons
  4 rime drakes
  23 freezing wraiths
  2 guardian mummies (Crypt:1)
  A spectral harpy (Crypt:3)
  2 demonic crawlers (Elf:2)
  7 tengu conjurers
  A queen bee (shapeshifter) (Vaults:1)
  A polar bear (shapeshifter) (D:15)
  8 trolls
  A jumping spider (shapeshifter) (Depths:2)
  A shadow dragon simulacrum (Crypt:1)
  The ghost of TotesWizzard the Covered, an amateur MiWn of Okawaru (D:4)
  22 hornets
  4 polar bears
  5 tyrant leeches
  3 meliai (D:13)
  14 blink frogs
  A sphinx simulacrum (Depths:1)
  A satyr zombie (Crypt:2)
  An ettin zombie (Depths:1)
  A tengu simulacrum (Depths:3)
  A stone giant simulacrum (Crypt:1)
  A dream sheep (Lair:6)
  A raiju (shapeshifter) (Vaults:4)
  An elf zombie (Depths:4)
  A fire giant simulacrum (Crypt:3)
  2 spectral black mambas (Crypt:3)
  A meliai zombie (Crypt:3)
  A centaur simulacrum (D:15)
  25 spriggans
  3 flying skulls (Crypt:1)
  2 frost giant simulacra
  2 redbacks (Vaults:1)
  7 wraiths
  4 air elementals
  2 shadows (Crypt:3)
  A tarantella (shapeshifter) (Vaults:2)
  A spriggan simulacrum (Depths:4)
  12 water elementals
  An ettin skeleton (Crypt:1)
  A fire dragon skeleton (Crypt:1)
  32 yaks
  A vampire (D:14)
  3 wyverns
  3 hogs (D:12)
  6 basilisks
  2 hogs (shapeshifter)
  An emperor scorpion simulacrum (Crypt:3)
  8 fire elementals (Elf:1)
  7 fire bats (Lair:2)
  2 golden eyes (shapeshifter)
  15 golden eyes
  A human (shapeshifter) (Vaults:1)
  A human (D:12)
  3 vampire mosquitoes
  7 wargs
  An elf skeleton (Depths:4)
  11 swamp worms
  Menkaure (D:5)
  5 acid dragons
  62 nagas
  A warg (shapeshifter) (Vaults:4)
  22 water moccasins
  A spectral snapping turtle (Crypt:3)
  2 faun zombies
  A monstrous demonspawn skeleton (Crypt:2)
  41 orc warriors
  A swamp drake (shapeshifter) (Depths:3)
  5 black bears
  3 ice beasts
  An eye of draining (shapeshifter) (Depths:2)
  3 phantoms
  8 swamp drakes
  4 sky beasts
  35 ogres
  3 necrophages
  17 wolves (Lair:6)
  17 boggarts
  18 centaurs
  A hog zombie (Crypt:3)
  A snapping turtle skeleton (Crypt:2)
  5 big kobolds
  A wyvern zombie (D:7)
  16 bullfrogs
  6 earth elementals (Elf:1)
  A water moccasin skeleton (D:10)
  4 scorpions
  A cyclops skeleton (Crypt:3)
  A raiju zombie (Crypt:3)
  7 killer bees
  A human simulacrum (Vaults:1)
  A swamp dragon simulacrum (Crypt:3)
  10 wights (D:11)
  2 electric eels (Snake:2)
  5 howler monkeys
  2 lava snakes
  10 crimson imps (Depths:1)
  10 hounds
  17 orc priests
  A bullfrog skeleton (D:5)
  An iron imp (Depths:1)
  4 hell rats (Lair:3)
  16 orc wizards
  10 worker ants
  2 human skeletons (Crypt:1)
  5 iguanas
  Natasha (twice) (D:2)
  A demigod skeleton (Crypt:1)
  An ogre skeleton (Crypt:3)
  2 hound skeletons
  6 mummies (Crypt:1)
  A worker ant zombie (D:6)
  4 gnolls
  3 howler monkey skeletons
  6 adders
  2 shadow imps (D:5)
  3 white imps
  3 ufetubi
  An ooze (D:1)
  2 adder skeletons
  A lava snake skeleton (Crypt:3)
  5 worms
  3 dart slugs
  6 leopard geckos
  98 orcs
  5 bats
  7 giant cockroaches
  12 goblins
  8 hobgoblins
  19 jackals
  3 quokkas
  3 frilled lizards
  A frilled lizard zombie (Crypt:1)
  A gnoll skeleton (Crypt:1)
  A jackal skeleton (D:5)
  A jackal zombie (D:5)
  24 kobolds
  A leopard gecko skeleton (D:3)
  2 leopard gecko zombies (D:7)
  3 quokka skeletons
  3 quokka zombies
  5 rats
  A ball lightning (Zot:2)
  A butterfly (Lair:4)
  2 crawling corpses (Vaults:4)
  A demonic plant (WizLab)
  A plant (D:9)
  10 starspawn tentacles (WizLab)
2549 creatures vanquished.

Vanquished Creatures (collateral kills)
  the Royal Jelly (Slime:5)
  Sojobo (Crypt:1)
  the Lernaean hydra (Swamp:4)
  A caustic shrike (Depths:3)
  Asterion (Snake:1)
  A moon troll (WizLab)
  3 acid blobs (Slime:5)
  A death cob (Zot:4)
  2 draconian monks
  An azure jelly (Slime:5)
  A cacodemon (WizLab)
  A draconian shifter (Zot:3)
  A stone giant (WizLab)
  A black draconian (Zot:3)
  2 green draconians
  A very ugly thing (WizLab)
  A yellow draconian (Zot:3)
  An eleionoma (Swamp:1)
  A hydra (Swamp:3)
  An orange crystal statue (WizLab)
  A goliath frog (Swamp:1)
  An orc knight (Vaults:1)
  An ironbrand convoker (Vaults:1)
  A deep elf mage (Vaults:2)
  A salamander (Snake:2)
  A moth of wrath (Zot:4)
  A yaktaur (Vaults:1)
  A spriggan (Lair:6)
  2 yaks (D:12)
  A golden eye (Gauntlet)
  A swamp worm (Swamp:2)
  A swamp drake (Swamp:4)
  A black bear (Lair:6)
  A boggart (Lair:6)
  A centaur (Vaults:1)
  A wolf (Lair:6)
  A wight (D:11)
42 creatures vanquished.

Vanquished Creatures (others)
  Nikola (Depths:1)
  A draconian knight (Zot:3)
  A bunyip (Swamp:1)
  A yellow draconian (Zot:3)
  A rakshasa (Depths:3)
  A yaktaur (Vaults:2)
  2 hornets
  A bloated husk (Swamp:1)
  A spriggan (Lair:6)
  A water elemental (Elf:1)
  A neqoxec (WizLab)
  A boggart (Vaults:2)
  An orc (D:10)
  24 ball lightnings
  3 demonic plants (WizLab)
  30 foxfires
  101 fungi
  125 plants
  11 starspawn tentacles (WizLab)
308 creatures vanquished.

Grand Total: 2899 creatures vanquished

Notes
Turn   | Place    | Note
-------+----------+-------------------------------------------
     0 | D:1      | teslan the Minotaur Berserker began the quest for the Orb.
     0 | D:1      | Reached XP level 1. HP: 19/19 MP: 0/0
   210 | D:1      | Reached XP level 2. HP: 22/27 MP: 1/1
   673 | D:1      | Reached XP level 3. HP: 33/33 MP: 2/2
  1429 | D:2      | Reached ** piety under Trog
  1686 | D:2      | Reached XP level 4. HP: 41/41 MP: 3/3
  1731 | D:2      | Noticed Natasha
  1736 | D:2      | Killed Natasha
  1737 | D:2      | Reached skill level 5 in Axes
  2015 | D:2      | Noticed Natasha
  2021 | D:2      | Killed Natasha
  2212 | D:3      | Found a sparkling altar of Nemelex Xobeh.
  2360 | D:3      | Reached XP level 5. HP: 44/47 MP: 4/4
  3646 | D:4      | Reached skill level 5 in Fighting
  3773 | D:4      | Found a staircase to the Ecumenical Temple.
  3788 | D:4      | Reached *** piety under Trog
  3890 | D:4      | Found a runed translucent gate.
  3890 | D:4      | Noticed TotesWizzard's ghost (amateur MiWn)
  3893 | D:4      | Found a runed translucent gate.
  3894 | D:4      | Found a runed translucent gate.
  3913 | D:4      | Noticed an ogre
  3921 | D:4      | Killed an ogre
  3922 | D:4      | Reached XP level 6. HP: 43/56 MP: 5/5
  4408 | D:4      | Reached skill level 5 in Armour
  4490 | D:5      | Entered Level 5 of the Dungeon
  4497 | D:5      | Found a stormy altar of Qazlal.
  4614 | D:5      | Reached XP level 7. HP: 61/61 MP: 6/6
  4649 | D:5      | Found a stormy altar of Qazlal.
  4707 | D:5      | Found an iron altar of Okawaru.
  4858 | D:5      | Noticed Menkaure
  4875 | D:5      | Killed Menkaure
  5432 | D:5      | Found a basalt altar of Yredelemnul.
  5567 | D:6      | Reached XP level 8. HP: 52/70 MP: 7/7
  5763 | D:6      | Reached skill level 1 in Evocations
  5944 | D:6      | Found a hazy altar of Hepliaklqana.
  6634 | D:6      | Found a snail-covered altar of Cheibriados.
  6955 | D:7      | Noticed Pikel
  6974 | D:7      | Killed Pikel
  6975 | D:7      | Reached XP level 9. HP: 79/79 MP: 8/8
  7048 | D:7      | Found a burning altar of Makhleb.
  7064 | D:7      | Reached skill level 10 in Axes
  7219 | D:7      | Noticed Harold
  7247 | D:7      | Killed Harold
  7662 | D:7      | Noticed Joseph
  7666 | D:7      | Found a shimmering blue altar of Sif Muna.
  7670 | D:7      | Killed Joseph
  7834 | D:7      | Found an opulent altar of Gozag.
  7905 | D:7      | Reached **** piety under Trog
  7916 | D:7      | Reached XP level 10. HP: 90/90 MP: 9/9
  7951 | D:7      | Noticed a two-headed ogre
  8208 | D:7      | HP: 3/90 [two-headed ogre/+0 giant spiked club (18)]
  8210 | D:7      | Killed a two-headed ogre
  8797 | D:8      | Reached skill level 10 in Armour
  9214 | D:8      | Noticed Maurice
  9234 | D:8      | Killed Maurice
  9578 | D:8      | Noticed a cyclops
  9600 | D:8      | Killed a cyclops
 10799 | D:9      | Noticed Erica
 10923 | D:9      | Reached skill level 10 in Fighting
 10923 | D:9      | Reached skill level 5 in Evocations
 11155 | D:9      | Killed Erica
 11156 | D:9      | Reached XP level 11. HP: 79/100 MP: 10/10
 11290 | D:9      | Found a staircase to the Lair.
 12028 | D:10     | Entered Level 10 of the Dungeon
 12123 | D:10     | Noticed a boulder beetle
 12141 | D:10     | Killed a boulder beetle
 12288 | D:10     | Got an ichor-stained spear
 12320 | D:10     | Found Muinwoap's Assorted Antiques.
 12433 | D:10     | Found Ypsu's Book Boutique.
 12436 | D:10     | Noticed a green ugly thing
 12447 | D:10     | Killed a green ugly thing
 12807 | D:10     | Found Husam's Book Emporium.
 12841 | D:10     | Noticed a two-headed ogre
 12861 | D:10     | Killed a two-headed ogre
 13450 | D:10     | Reached ***** piety under Trog
 13486 | D:10     | Found a staircase to the Orcish Mines.
 13837 | Lair:1   | Entered Level 1 of the Lair of Beasts
 13858 | D:9      | Identified the +9 spear "Rowerebu" {drain, rC- Str+2 Int+3}
                  | (You found it on level 10 of the Dungeon)
 14221 | Lair:1   | Noticed an oklob plant
 14443 | Lair:1   | Reached skill level 5 in Dodging
 14448 | Lair:1   | Reached skill level 1 in Polearms
 14605 | Lair:1   | You fall into a shaft and drop 1 floor!
 14847 | Lair:2   | Noticed a seven-headed hydra
 14858 | Lair:2   | Killed a seven-headed hydra
 15012 | Lair:2   | Reached skill level 1 in Shields
 15118 | Lair:2   | Noticed a fire dragon
 15385 | Lair:1   | Found a runed translucent door.
 15385 | Lair:1   | Noticed Darold's ghost (journeyman PaFi)
 15424 | Lair:1   | Reached XP level 12. HP: 107/110 MP: 11/11
 15522 | Lair:1   | Killed Darold's ghost
 15523 | Lair:1   | Reached skill level 5 in Polearms
 15538 | Lair:1   | Got a steaming great sword
 15867 | Lair:1   | Noticed a seven-headed hydra
 15874 | Lair:1   | Killed a seven-headed hydra
 16597 | D:9      | Identified the cursed +2 great sword of Quniqie {freeze,
                  | *Corrode rF+ rN+++ Int-2} (You found it on level 1 of the
                  | Lair of Beasts)
 17042 | Lair:2   | Found a staircase to the Snake Pit.
 17125 | Lair:2   | Noticed a four-headed hydra
 17135 | Lair:2   | Killed a four-headed hydra
 17159 | Lair:2   | Noticed Gastronok
 17183 | Lair:2   | Killed Gastronok
 17759 | Lair:2   | Killed a fire dragon
 19271 | Lair:3   | Reached XP level 13. HP: 119/119 MP: 12/12
 20057 | Lair:4   | Got a transparent morningstar
 20081 | Lair:4   | Identified the +7 morningstar of Yvus {holy, rElec MP-9
                  | Str+4 Int+7} (You found it on level 4 of the Lair of
                  | Beasts)
 20514 | Lair:4   | Noticed Nessos
 20522 | Lair:4   | Killed Nessos
 20663 | Lair:4   | Found a staircase to the Swamp.
 20673 | Lair:4   | Received a gift from Trog
 20766 | Lair:4   | Found the +2 ratskin cloak {*Rats rPois rN+ Str-1 Int-1
                  | Dex+1}
 20966 | Lair:4   | Reached skill level 1 in Maces & Flails
 22155 | Lair:5   | Found a viscous altar of Jiyva.
 22156 | Lair:5   | Found a staircase to the Slime Pits.
 22610 | Lair:6   | Entered Level 6 of the Lair of Beasts
 23026 | Lair:6   | Reached skill level 5 in Maces & Flails
 24205 | Lair:6   | Paralysed by a hornet for 1 turns
 25709 | D:11     | Reached XP level 14. HP: 132/132 MP: 4/13
 26597 | D:12     | Reached skill level 5 in Shields
 26986 | D:12     | Received a gift from Trog
 27577 | D:13     | Found a gate leading to a gauntlet.
 27593 | Gauntlet | Entered a Gauntlet
 27593 | Gauntlet | Found a transporter.
 27593 | Gauntlet | Found a transporter.
 27593 | Gauntlet | Found a transporter.
 27605 | Gauntlet | Found a transporter.
 27605 | Gauntlet | Found a transporter.
 27605 | Gauntlet | Found a transporter.
 27624 | Gauntlet | Found a transporter.
 27626 | Gauntlet | Found a transporter.
 27642 | Gauntlet | Found a transporter.
 27651 | Gauntlet | Found a transporter.
 27683 | Gauntlet | Found a transporter.
 27687 | Gauntlet | Found a transporter.
 27933 | Gauntlet | Gained mutation: You are dopey. (Int -2) [a shining eye]
 27952 | Gauntlet | Got a scintillating pewter ring
 28129 | Gauntlet | Identified the ring "Egafuis" {rF+ rN+ Stlth+} (You found
                  | it in a Gauntlet)
 28267 | Gauntlet | Identified Azimaas's Grimoire of the Traveller
 28304 | Gauntlet | Got a heavily runed ring mail
 28670 | D:9      | Identified the +1 ring mail "Duom" {rCorr Str+2 Stlth+}
                  | (You found it in a Gauntlet)
 28791 | Orc:1    | Entered Level 1 of the Orcish Mines
 29101 | Orc:2    | Entered Level 2 of the Orcish Mines
 29101 | Orc:2    | Found a staircase to the Elven Halls.
 29101 | Orc:2    | Found a bloodstained altar of Trog.
 29253 | Orc:1    | Reached skill level 10 in Maces & Flails
 29765 | Orc:2    | Noticed an orc warlord
 29817 | Orc:1    | Killed an orc warlord
 29991 | Orc:2    | Paralysed by an orc sorcerer for 6 turns
 30004 | Elf:1    | Entered Level 1 of the Elven Halls
 30005 | Elf:1    | Paralysed by an orc sorcerer for 4 turns
 30480 | Orc:2    | Found Okoaworph's Antique Armour Emporium.
 30498 | Orc:2    | Bought a pair of embroidered boots for 240 gold pieces
 30532 | Orc:2    | Reached skill level 15 in Fighting
 30769 | Orc:2    | Found Sycsi's Book Shoppe.
 30826 | Orc:2    | Received a gift from Trog
 30828 | Orc:2    | Got an ancient battleaxe {god gift}
 30842 | Orc:2    | Noticed Snorg
 30854 | Orc:2    | Killed Snorg
 31142 | Orc:2    | Paralysed by an orc sorcerer for 3 turns
 31148 | Orc:2    | Reached skill level 15 in Armour
 31256 | Orc:2    | Found Byarr's General Store.
 31268 | Orc:2    | Bought a scroll of teleportation for 36 gold pieces
 31268 | Orc:2    | Bought a scroll of silence for 90 gold pieces
 31346 | Orc:2    | Found Adahekoh's Antique Weapon Boutique.
 32531 | D:4      | Killed TotesWizzard's ghost
 32713 | D:9      | Lost intelligence.
 32713 | D:9      | Identified the +0 battleaxe of the Vestibule of Hell
                  | {vorpal, rPois Str+3 Int-2 Dex+3} (Trog gifted it to you on
                  | level 2 of the Orcish Mines)
 32844 | Swamp:1  | Entered Level 1 of the Swamp
 32867 | Swamp:1  | Reached XP level 15. HP: 122/141 MP: 5/14
 35497 | Swamp:2  | Noticed a thorn hunter
 35513 | Swamp:2  | Killed a thorn hunter
 35578 | Swamp:2  | Noticed a thorn hunter
 35590 | Swamp:2  | Killed a thorn hunter
 35729 | Swamp:2  | Noticed a thorn hunter
 35743 | Swamp:2  | Killed a thorn hunter
 37079 | Swamp:2  | Reached skill level 10 in Shields
 38054 | Swamp:3  | Found a glowing golden altar of the Shining One.
 38099 | Swamp:3  | Noticed a thorn hunter
 38213 | Swamp:3  | Received a gift from Trog
 38298 | Swamp:3  | Killed a thorn hunter
 38370 | Swamp:3  | Noticed a thorn hunter
 38384 | Swamp:3  | Killed a thorn hunter
 39205 | Swamp:4  | Entered Level 4 of the Swamp
 39215 | Swamp:3  | Reached XP level 16. HP: 130/151 MP: 6/15
 39721 | Swamp:4  | Noticed Donald
 39734 | Swamp:4  | Killed Donald
 40233 | Swamp:4  | Received a gift from Trog
 40480 | Swamp:4  | Noticed the 27-headed Lernaean hydra
 40485 | Swamp:4  | Killed the 27-headed Lernaean hydra
 40571 | Swamp:4  | Got a decaying rune of Zot
 40697 | Swamp:4  | Got a twisted chain mail
 40934 | D:9      | Identified the +6 chain mail of Altruism {+Blink rCorr}
                  | (You found it on level 4 of the Swamp)
 41433 | D:14     | Noticed Jorgrun
 41448 | D:14     | Killed Jorgrun
 41920 | D:14     | Found a gate to the Vaults.
 41951 | D:14     | Noticed Rupert
 41960 | D:14     | Killed Rupert
 42284 | D:15     | Entered Level 15 of the Dungeon
 42996 | D:15     | Identified 2 scrolls of acquirement
 43004 | D:15     | Found a staircase to the Depths.
 43024 | D:15     | Reached XP level 17. HP: 147/162 MP: 7/16
 43338 | Vaults:1 | Entered Level 1 of the Vaults
 43926 | D:14     | Received a gift from Trog
 43927 | D:14     | Reached skill level 15 in Shields
 44478 | Vaults:1 | Found a stormy altar of Qazlal.
 44602 | Vaults:1 | Identified the cursed +3 scythe of Ycubluf {drain, *Drain
                  | rF+ Int+4}
 45675 | Vaults:1 | Received a gift from Trog
 46003 | Vaults:1 | Got a transparent demon whip {god gift}
 46004 | Vaults:1 | Identified the +7 demon whip of Yesterday {vorpal, +Rage
                  | +Inv} (Trog gifted it to you on level 1 of the Vaults)
 46994 | Snake:1  | Entered Level 1 of the Snake Pit
 47226 | Snake:1  | You fall into a shaft and drop 1 floor!
 47322 | Snake:2  | Reached XP level 18. HP: 176/176 MP: 8/17
 47581 | Snake:2  | Noticed Aizul
 47604 | Snake:2  | Killed Aizul
 48138 | Snake:1  | Noticed Josephine
 48152 | Snake:1  | Killed Josephine
 48152 | Snake:1  | Received a gift from Trog
 48164 | Snake:1  | Noticed Asterion
 48174 | Snake:1  | Killed Asterion
 48616 | Snake:2  | Reached skill level 10 in Evocations
 48663 | Snake:2  | Noticed Louise
 48696 | Snake:2  | Killed Louise
 49009 | Snake:2  | Noticed Vashnia
 49078 | Snake:2  | Killed Vashnia
 49516 | Snake:2  | Found a runed translucent gate.
 49516 | Snake:2  | Found a runed translucent gate.
 49518 | Snake:2  | Found a runed translucent gate.
 49519 | Snake:2  | Noticed Leetuust's ghost (adept GnWz)
 49538 | Snake:2  | Killed Leetuust's ghost
 50006 | Snake:3  | Found an ornate altar of the Wu Jian Council.
 50393 | Snake:3  | Received a gift from Trog
 50855 | Snake:3  | Reached skill level 10 in Dodging
 50952 | Snake:3  | Found Lalunieq's Antique Armour Shoppe.
 50959 | Snake:3  | Found Fawent's Weapon Emporium.
 50962 | Snake:3  | Found Wujyavoa's Gadget Shoppe.
 51229 | Snake:4  | Entered Level 4 of the Snake Pit
 51517 | Snake:4  | Noticed Bai Suzhen
 51525 | Snake:4  | Killed Bai Suzhen
 51812 | Snake:4  | Reached XP level 19. HP: 160/185 MP: 9/18
 52612 | Snake:4  | Received a gift from Trog
 53539 | Snake:4  | Got a serpentine rune of Zot
 53736 | Snake:4  | Received a gift from Trog
 53924 | D:9      | Acquired 743 gold pieces
 53928 | D:9      | Acquired 529 gold pieces
 53929 | D:9      | Acquired the +2 cloak of Aqocac {rElec rC+}
 55338 | Vaults:2 | Found a transporter.
 55340 | Vaults:2 | Noticed a lich
 55351 | Vaults:2 | Found a transporter.
 55760 | Vaults:2 | Paralysed by a lich for 6 turns
 55767 | Vaults:2 | Killed a lich
 56591 | Vaults:2 | Received a gift from Trog
 57180 | Vaults:3 | Reached XP level 20. HP: 162/193 MP: 10/19
 57650 | Vaults:3 | Found a staircase to the Crypt.
 59041 | Vaults:4 | Reached skill level 15 in Dodging
 59212 | Vaults:4 | Reached ****** piety under Trog
 59369 | Vaults:4 | Noticed Xtahua
 59380 | Vaults:4 | Killed Xtahua
 59431 | Vaults:4 | Received a gift from Trog
 60267 | Vaults:4 | Found a runed translucent gate.
 60267 | Vaults:4 | Found a runed translucent gate.
 60267 | Vaults:4 | Found a runed translucent gate.
 60267 | Vaults:4 | Noticed an ancient lich
 60268 | Vaults:4 | Found an ancient bone altar of Kikubaaqudgha.
 60268 | Vaults:4 | Noticed Bailed's ghost (veteran MiMo)
 60268 | Vaults:4 | Noticed Zonian's ghost (adept HOFi)
 60268 | Vaults:4 | Noticed an ancient lich
 60268 | Vaults:4 | Noticed an ancient lich
 60283 | Vaults:4 | Found a transporter.
 61025 | Vaults:3 | Killed an ancient lich
 61410 | Vaults:4 | Killed Zonian's ghost
 61476 | Vaults:4 | Gained mutation: You are weak. (Str -2) [a cacodemon]
 61715 | Vaults:4 | Killed an ancient lich
 61855 | Vaults:4 | Identified Kikubaaqudgha's Tome of Evil Rituals
 61862 | Vaults:4 | Got a smoking garnet amulet
 61880 | Vaults:4 | Got a fading hat
 61886 | Vaults:4 | Identified the +0 hat "Jedghir" {rElec Will+} (You found it
                  | on level 4 of the Vaults)
 61898 | Vaults:4 | Identified the amulet of Lugonu's Benevolence {RegenMP
                  | *Corrode Str+4 Int+6} (You found it on level 4 of the
                  | Vaults)
 61929 | Vaults:4 | Killed an ancient lich
 61930 | Vaults:4 | Reached XP level 21. HP: 175/201 MP: 11/20
 61947 | Vaults:4 | Killed Bailed's ghost
 62056 | Vaults:4 | Noticed Margery
 62075 | Vaults:4 | Found a radiant altar of Vehumet.
 62079 | Vaults:4 | Found a transporter.
 62623 | Slime:1  | Entered Level 1 of the Pits of Slime
 62838 | Slime:1  | Gained mutation: You tend to lose your temper in combat. [a
                  | shining eye]
 62839 | Slime:1  | Gained mutation: You are frail. (-10% HP) [a shining eye]
 63048 | Orc:2    | Bought the +8 orange crystal plate armour {Archmagi, Int+3
                  | Clar} for 4624 gold pieces
 63048 | Orc:2    | Found the +8 orange crystal plate armour {Archmagi, Int+3
                  | Clar}
 63499 | Slime:5  | Entered Level 5 of the Pits of Slime
 63528 | Slime:4  | Received a gift from Trog
 63800 | Slime:5  | Lost mutation: You tend to lose your temper in combat. [a
                  | shining eye]
 63801 | Slime:5  | Gained mutation: You are occasionally teleported next to
                  | monsters. [a shining eye]
 63812 | Slime:5  | Lost mutation: You are weak. (Str -2) [potion of mutation]
 63812 | Slime:5  | Lost mutation: You are dopey. (Int -2) [potion of mutation]
 63812 | Slime:5  | Lost mutation: You are frail. (-10% HP) [potion of
                  | mutation]
 63812 | Slime:5  | Gained mutation: Armour fits poorly on your strangely
                  | shaped body. [potion of mutation]
 63812 | Slime:5  | Gained mutation: You are robust. (+10% HP) [potion of
                  | mutation]
 63812 | Slime:5  | Gained mutation: Your muscles are strong. (Str +2) [potion
                  | of mutation]
 63813 | Slime:5  | Lost mutation: Your muscles are strong. (Str +2) [potion of
                  | mutation]
 63813 | Slime:5  | Lost mutation: You are robust. (+10% HP) [potion of
                  | mutation]
 63813 | Slime:5  | Lost mutation: You are occasionally teleported next to
                  | monsters. [potion of mutation]
 63813 | Slime:5  | Gained mutation: You are strong-willed. (Will+) [potion of
                  | mutation]
 63813 | Slime:5  | Gained mutation: You are partially covered in iridescent
                  | scales. (AC +2) [potion of mutation]
 63813 | Slime:5  | Gained mutation: You are partially covered in thin metallic
                  | scales. (AC +2) [potion of mutation]
 65402 | Slime:5  | HP: 3/201 [acid (11)]
 66406 | Slime:5  | Found a viscous altar of Jiyva.
 66555 | Slime:5  | Noticed the Royal Jelly
 66570 | Slime:5  | Killed the Royal Jelly
 66693 | Slime:5  | Got a slimy granite ring
 66734 | Slime:5  | Got a slimy rune of Zot
 66757 | Slime:5  | Identified the ring "Axax" {*Tele rPois MP+9 Int-3 SInv}
                  | (You found it on level 5 of the Pits of Slime)
 67006 | Slime:5  | Got an ichor-stained leather armour
 67016 | Slime:5  | Identified the cursed +0 leather armour of the Ward {*Slow
                  | rC+ SInv} (You found it on level 5 of the Pits of Slime)
 67057 | Slime:5  | Got a steaming scimitar
 67058 | Slime:5  | Identified the +2 scimitar "Xablinus" {flame, Str+4 SInv}
                  | (You found it on level 5 of the Pits of Slime)
 67468 | Depths:1 | Entered Level 1 of the Depths
 68028 | Depths:1 | Received a gift from Trog
 69076 | Depths:1 | Found Himooff's Weapon Emporium.
 69147 | Depths:1 | Got a brightly glowing robe
 69157 | Depths:1 | Found a radiant altar of Vehumet.
 69168 | Depths:1 | Received a gift from Trog
 69563 | Depths:1 | Noticed Nikola
 69583 | Depths:1 | Killed Nikola
 69584 | Depths:1 | Reached XP level 22. HP: 164/211 MP: 21/21
 70015 | Depths:1 | Found a gateway to Hell.
 70693 | Depths:2 | Found Tyroe's Magic Scroll Shoppe.
 70736 | Depths:2 | Bought a scroll of teleportation for 66 gold pieces
 70936 | Depths:2 | Received a gift from Trog
 70957 | Depths:2 | Got a polished morningstar {god gift}
 70958 | Depths:2 | Identified the +2 morningstar "Xuyf Zis" {vorpal, Will+}
                  | (Trog gifted it to you on level 2 of the Depths)
 71101 | Depths:2 | You fall into a shaft and drop 2 floors!
 71452 | Depths:4 | Found an ancient bone altar of Kikubaaqudgha.
 71792 | Depths:4 | Got a bloodstained chain mail
 71872 | Depths:4 | Received a gift from Trog
 72103 | Depths:4 | Found a one-way gate to the infinite horrors of the Abyss.
 72478 | Depths:3 | Reached XP level 23. HP: 225/225 MP: 22/22
 73367 | Depths:2 | Received a gift from Trog
 73382 | Depths:2 | Got an ichor-stained broad axe {god gift}
 73399 | Depths:2 | Identified the +6 broad axe of War {flame, rC+} (Trog
                  | gifted it to you on level 2 of the Depths)
 75167 | D:9      | Identified the +8 chain mail of the Shore {-Cast Harm rPois
                  | rN++ Int-5} (You found it on level 4 of the Depths)
 75665 | D:13     | Got a clouded bronze ring
 75671 | D:13     | Identified the ring "Tufeu" {rC+ Stlth+} (You found it on
                  | level 13 of the Dungeon)
 76132 | Depths:3 | Found a gateway to a ziggurat.
 76419 | Depths:3 | Noticed a caustic shrike
 76422 | Depths:3 | Noticed a caustic shrike
 76425 | Depths:3 | Noticed a caustic shrike
 76429 | Depths:3 | Noticed a caustic shrike
 76431 | Depths:3 | Killed a caustic shrike
 76432 | Depths:3 | Killed a caustic shrike
 76433 | Depths:3 | Reached skill level 15 in Evocations
 76438 | Depths:3 | Killed a caustic shrike
 76439 | Depths:3 | Killed a caustic shrike
 76444 | Depths:3 | Received a gift from Trog
 76450 | Depths:3 | Reached skill level 15 in Axes
 76596 | Depths:3 | Reached XP level 24. HP: 215/237 MP: 22/22
 76999 | Depths:3 | Found Iklomolo's Distillery.
 77013 | Depths:3 | Bought a potion of heal wounds for 70 gold pieces
 77320 | Depths:3 | Found a one-way gate leading to the halls of Pandemonium.
 77387 | Depths:3 | Identified the +1 broad axe "Newt's Death" {flame, rF+}
 77388 | Depths:3 | Identified the +12 war axe of Dim Light {flame, rPois rF-
                  | rN+++ Dex+4}
 77389 | Depths:3 | Identified the +8 trident of Nemelex Xobeh's Grace {elec,
                  | rElec rPois Will- SInv}
 77463 | Depths:3 | Received a gift from Trog
 77521 | Depths:3 | Noticed a juggernaut
 77530 | Depths:3 | Killed a juggernaut
 78617 | Depths:3 | Got an iridescent great mace {god gift}
 79056 | Depths:5 | Entered Level 5 of the Depths
 79059 | Depths:5 | Noticed a juggernaut
 79069 | Depths:5 | Killed a juggernaut
 79147 | Depths:5 | Found a magical portal.
 79161 | WizLab   | Entered Lehudib's Moon Base
 79361 | WizLab   | Found a transporter.
 80255 | WizLab   | Got a sparkling graven amulet
 80284 | WizLab   | Received a gift from Trog
 80290 | WizLab   | Found a transporter.
 80608 | WizLab   | Got a flickering amber ring
 80674 | WizLab   | Identified the +3 great mace of Qastilarph {vorpal, Str+2}
                  | (Trog gifted it to you on level 3 of the Depths)
 81032 | D:9      | Identified the ring "Luojuyn" {EV+4 Dex+4} (You found it in
                  | a wizard's laboratory)
 81043 | D:9      | Identified the amulet of Myqoy {Spirit Str+7} (You found it
                  | in a wizard's laboratory)
 81423 | Depths:5 | Reached XP level 25. HP: 244/247 MP: 22/22
 81808 | Depths:5 | Found a gate to the Realm of Zot.
 82093 | Depths:5 | Noticed Saint Roka
 82120 | Depths:5 | Received a gift from Trog
 82125 | Depths:5 | Killed Saint Roka
 82911 | Crypt:1  | Entered Level 1 of the Crypt
 83153 | Crypt:1  | Found the +12 Vampire's Tooth {vamp}
 83315 | Crypt:1  | Noticed Boris
 83352 | Crypt:1  | Killed Boris
 83618 | Crypt:1  | Received a gift from Trog
 83727 | Crypt:1  | Noticed Sojobo
 83750 | Crypt:1  | Killed Sojobo
 84705 | Crypt:3  | Entered Level 3 of the Crypt
 85179 | Crypt:3  | Found a staircase to the Tomb.
 85287 | Crypt:3  | Reached XP level 26. HP: 260/260 MP: 22/22
 85750 | Crypt:3  | Got a masterwork mace
 85884 | Crypt:3  | Got a fine flail
 86540 | Crypt:3  | Got a jade-encrusted scale mail
 86979 | D:9      | Identified the +5 flail of Ogrilew {speed, rElec} (You
                  | found it on level 3 of the Crypt)
 86980 | D:9      | Identified the cursed +2 mace of Ytohik {speed, rElec} (You
                  | found it on level 3 of the Crypt)
 86997 | D:9      | Identified the +4 scale mail "Gemoshre" {rPois rC+++ Str-3
                  | Int+3 Dex+3} (You found it on level 3 of the Crypt)
 87127 | Elf:1    | Received a gift from Trog
 87524 | Elf:1    | Identified the ring "Leampiekheg" {Wiz rPois rC++ SInv}
 87572 | Elf:1    | Received a gift from Trog
 87967 | Elf:1    | Found Tiuc's Weapon Shoppe.
 88843 | Elf:2    | Received a gift from Trog
 88970 | Elf:2    | Found a flickering gateway to a bazaar.
 88975 | Bazaar   | Entered a bazaar
 88977 | Bazaar   | Found Peollid's Antique Armour Boutique.
 88981 | Bazaar   | Found Remyfute's Antique Weapon Boutique.
 88981 | Bazaar   | Found Okhenoeg's Distillery.
 88981 | Bazaar   | Found Koularph's Gadget Boutique.
 89020 | Bazaar   | Bought a wand of iceblast (10) for 112 gold pieces
 89020 | Bazaar   | Bought a wand of flame (16) for 72 gold pieces
 89028 | Bazaar   | Bought a pair of runed boots for 270 gold pieces
 89073 | Bazaar   | Bought a potion of heal wounds for 50 gold pieces
 89073 | Bazaar   | Bought a potion of flight for 30 gold pieces
 89073 | Bazaar   | Bought a potion of invisibility for 80 gold pieces
 89393 | Elf:2    | Found a runed translucent gate.
 89394 | Elf:2    | Found a runed translucent gate.
 89398 | Elf:2    | Found a runed translucent gate.
 90117 | Elf:2    | Received a gift from Trog
 90526 | Elf:3    | Entered Level 3 of the Elven Halls
 91136 | Elf:3    | Reached XP level 27. HP: 241/271 MP: 22/22
 91547 | Elf:3    | Reached skill level 27 in Fighting
 91711 | Elf:3    | Identified the +6 battleaxe of Pride {vorpal, rC+ rN+
                  | Str+2}
 91717 | Elf:3    | Identified the +6 shortbow "Kanad" {freeze, +Fly Int+2
                  | Dex-3}
 91877 | Elf:3    | Identified the +1 war axe "Ackiq" {antimagic, *Contam rC+
                  | rN++ Dex+2}
 91944 | Elf:3    | Identified the +7 plate armour "Gaptoh" {rElec rF+ rN+
                  | Will-}
 91965 | Elf:3    | Identified the Handbook of the Lethal Oath
 91975 | Elf:3    | Found the +2 hood of the Assassin {Detection Stab+ Stlth++}
 92143 | Elf:3    | Identified the Grimoire of Igneous Conjuration
 92159 | Elf:3    | Identified the -3 pair of boots of the End {Rampage rElec
                  | rPois Str-3} (You found it on level 3 of the Elven Halls)
 92188 | Elf:3    | Identified the +6 mace "Wawka" {drain, rPois Will+} (You
                  | found it on level 3 of the Elven Halls)
 92195 | Elf:3    | Identified the cursed +1 scythe "Nupnuorph" {vorpal,
                  | Fragile rPois Int+4 Dex+4} (You found it on level 3 of the
                  | Elven Halls)
 92202 | Elf:3    | Identified the +2 chain mail "Hymyofiyb" {Int+3} (You found
                  | it on level 3 of the Elven Halls)
 93051 | Vaults:4 | Received a gift from Trog
 93056 | Vaults:4 | Killed Margery
 93976 | Zot:1    | Entered Level 1 of the Realm of Zot
 93991 | Zot:1    | Noticed an orb of fire
 94002 | Zot:1    | Gained mutation: Your body sometimes deteriorates upon
                  | taking damage. [an orb of fire]
 94011 | Zot:1    | Gained mutation: You are dopey. (Int -2) [an orb of fire]
 94013 | Zot:1    | Killed an orb of fire
 96235 | Zot:2    | Received a gift from Trog
 98262 | Zot:3    | Found a huge runed gate.
 98263 | Zot:3    | Found a huge runed gate.
 98265 | Zot:3    | Found a huge runed gate.
 98267 | Zot:3    | Found a huge runed gate.
 98269 | Zot:3    | Found a huge runed gate.
 98270 | Zot:3    | Found a huge runed gate.
 98270 | Zot:3    | Found a huge runed gate.
 98273 | Zot:3    | Found a huge runed gate.
 98273 | Zot:3    | Found a huge runed gate.
 98834 | Zot:3    | Found a huge runed gate.
 98834 | Zot:3    | Found a huge runed gate.
 98834 | Zot:3    | Found a huge runed gate.
 99132 | Zot:3    | Noticed runemage's ghost (legendary GnFi)
 99132 | Zot:3    | Noticed Netemen's ghost (master GnFi)
 99132 | Zot:3    | Noticed Icycared's ghost (master GrFi)
 99132 | Zot:3    | Noticed Jofris Vesimp's ghost (legendary GnFE)
 99132 | Zot:3    | Noticed Jofris Vesimp's ghost (legendary GnFE)
 99132 | Zot:3    | Noticed Qosocwocy's ghost (legendary FoMo)
 99132 | Zot:3    | Noticed Netemen's ghost (master GnFi)
 99132 | Zot:3    | Noticed Netemen's ghost (master GnFi)
 99135 | Zot:3    | Received a gift from Trog
 99376 | Zot:2    | Killed runemage's ghost
 99475 | Zot:2    | Killed Qosocwocy's ghost
 99661 | Zot:2    | Killed Jofris Vesimp's ghost
100029 | Zot:2    | Killed Jofris Vesimp's ghost
100299 | Zot:2    | Killed Netemen's ghost
100368 | Zot:2    | Killed Netemen's ghost
100598 | Zot:2    | Killed Netemen's ghost
100599 | Zot:2    | Reached skill level 27 in Armour
100765 | Zot:2    | Killed Icycared's ghost
100892 | Zot:3    | Identified the +0 hat "Veiqat" {rN+} (You found it on level
                  | 3 of the Realm of Zot)
102455 | Zot:5    | Entered Level 5 of the Realm of Zot
103336 | Zot:5    | Received a gift from Trog
103437 | Zot:5    | Noticed an ancient lich
103455 | Zot:5    | Killed an ancient lich
104185 | Zot:5    | Noticed an ancient lich
104614 | Zot:5    | Killed an ancient lich
104620 | Zot:5    | Noticed an orb of fire
104743 | Zot:4    | Killed an orb of fire
104967 | Zot:5    | Noticed an orb of fire
104973 | Zot:5    | Noticed an orb of fire
104975 | Zot:5    | Gained mutation: Your magical capacity is low. (-10% MP)
                  | [an orb of fire]
104985 | Zot:5    | Gained mutation: You are very dopey. (Int -4) [an orb of
                  | fire]
105341 | Zot:5    | Gained mutation: You are weak. (Str -2) [an orb of fire]
105341 | Zot:5    | Gained mutation: Your spells are a little easier to cast,
                  | but a little less powerful. [an orb of fire]
105444 | Zot:5    | Lost mutation: Your body sometimes deteriorates upon taking
                  | damage. [an orb of fire]
105449 | Zot:5    | Gained mutation: You do not regenerate when monsters are
                  | visible. [an orb of fire]
105457 | Zot:5    | Gained mutation: You tend to lose your temper in combat.
                  | [an orb of fire]
105465 | Zot:5    | Killed an orb of fire
105483 | Zot:5    | Killed an orb of fire
105815 | Zot:4    | Lost mutation: Your magical capacity is low. (-10% MP)
                  | [potion of mutation]
105815 | Zot:4    | Lost mutation: You are weak. (Str -2) [potion of mutation]
105815 | Zot:4    | Lost mutation: Your spells are a little easier to cast, but
                  | a little less powerful. [potion of mutation]
105815 | Zot:4    | Lost mutation: You are strong-willed. (Will+) [potion of
                  | mutation]
105815 | Zot:4    | Gained mutation: Scrolls take you a little longer to read.
                  | [potion of mutation]
105815 | Zot:4    | Gained mutation: You are strong-willed. (Will+) [potion of
                  | mutation]
105815 | Zot:4    | Gained mutation: You have a pair of large horns on your
                  | head. [potion of mutation]
105816 | Zot:4    | Lost mutation: You are strong-willed. (Will+) [potion of
                  | mutation]
105816 | Zot:4    | Lost mutation: Scrolls take you a little longer to read.
                  | [potion of mutation]
105816 | Zot:4    | Lost mutation: You are partially covered in thin metallic
                  | scales. (AC +2) [potion of mutation]
105816 | Zot:4    | Gained mutation: Scrolls take you a little longer to read.
                  | [potion of mutation]
105816 | Zot:4    | Gained mutation: You are strong-willed. (Will+) [potion of
                  | mutation]
105817 | Zot:4    | Lost mutation: Scrolls take you a little longer to read.
                  | [potion of mutation]
105817 | Zot:4    | Lost mutation: You tend to lose your temper in combat.
                  | [potion of mutation]
105817 | Zot:4    | Lost mutation: You are partially covered in iridescent
                  | scales. (AC +2) [potion of mutation]
105817 | Zot:4    | Gained mutation: You are frail. (-10% HP) [potion of
                  | mutation]
105817 | Zot:4    | Gained mutation: You have large cloven feet. [potion of
                  | mutation]
105817 | Zot:4    | Gained mutation: Your spells are a little harder to cast,
                  | but a little more powerful. [potion of mutation]
105817 | Zot:4    | Lost mutation: You are frail. (-10% HP) [potion of
                  | mutation]
105818 | Zot:4    | Lost mutation: Your spells are a little harder to cast, but
                  | a little more powerful. [potion of mutation]
105818 | Zot:4    | Gained mutation: You occasionally shout uncontrollably at
                  | your foes. [potion of mutation]
105818 | Zot:4    | Gained mutation: Your flesh is cold resistant. (rC+)
                  | [potion of mutation]
105818 | Zot:4    | Gained mutation: You are highly strong-willed. (Will++)
                  | [potion of mutation]
105864 | Zot:5    | Noticed an orb of fire
105879 | Zot:5    | Killed an orb of fire
105990 | Zot:5    | Noticed an ancient lich
106011 | Zot:5    | Killed an ancient lich
106140 | Zot:5    | Noticed an ancient lich
106153 | Zot:5    | Killed an ancient lich
106290 | Zot:5    | Noticed an orb of fire
106322 | Zot:5    | Gained mutation: You are weak. (Str -2) [an orb of fire]
106325 | Zot:5    | Gained mutation: Your magical capacity is low. (-10% MP)
                  | [an orb of fire]
106332 | Zot:5    | Gained mutation: You are frail. (-10% HP) [an orb of fire]
106333 | Zot:5    | Gained mutation: Your spells are a little easier to cast,
                  | but a little less powerful. [an orb of fire]
106344 | Zot:5    | Gained mutation: You are very weak. (Str -4) [an orb of
                  | fire]
106353 | Zot:5    | Killed from afar by an orb of fire

Illustrated notes

Levels and vault maps discovered:
D:1:      dpeg_arrival_rooms_a, layout_basic, grunt_decor_junction
D:2:      layout_basic, uniq_natasha
D:3:      layout_basic, nemelex_xobeh_ov_fountains_minmay
D:4:      layout_basic, minmay_temple_entry_waves, gammafunk_ghost_nasty_kobolds
D:5:      layout_loops_ring, general_overflow_altar, kennysheep_little_box,
          kennysheep_okawaru_gauntlet, basic_altar, uniq_menkaure
D:6:      layout_loops_cross, nzn_hepliaklqana_mist_gate, kennysheep_slug_shrine
D:7:      minmay_cornered_nines, layout_basic, grunt_gozag_statues,
          led_sif_book, old_standard_altar, uniq_joseph, uniq_pikel, uniq_harold
D:8:      layout_layer_cave, uniq_maurice
D:9:      layout_basic, due_lair_maze_entry_diamond, uniq_erica
D:10:     layout_basic, erik_orc_1, serial_shops, nicolae_shop_stone, shop,
          nicolae_shop_behind_doors, nzn_sisyphean_effort
D:11:     layout_cave_pools, kennysheep_opposing_triangles
D:12:     layout_gridville, grunt_livestock
D:13:     layout_cave_pools, gauntlet_entry_generic
D:14:     layout_stronghold, david_vaults_1, uniq_jorgrun, uniq_rupert
D:15:     grunt_enter_depths_snipers, layout_rooms, corexii_hall_statues_l,
          minmay_shattered_shrine
Lair:1:   layout_cave_pods, gammafunk_ghost_grave, minmay_lair_oklob_chamber,
          infiniplex_staircase_pool_2
Lair:2:   dragon1_lemuel, layout_regular_city, guppyfry_snake_entry_island,
          uniq_gastronok
Lair:3:   layout_layer_cave, grunt_forest_small_clearings
Lair:4:   layout_layer_cave, minmay_swamp_entry_worms, lemuel_fruit_fields,
          uniq_nessos
Lair:5:   layout_roguey, slime_altar_1
Lair:6:   minmay_lair_end_enchanted_forest, layout_regular_city, serial_rivers,
          chequers_serial_rivers_micro_a, chequers_serial_rivers_marsh,
          chequers_serial_rivers_large_b, chequers_serial_rivers_room_b,
          chequers_serial_rivers_room_a, chequers_serial_rivers_room_b,
          st_stairs_9
Swamp:1:  layout_basic_swamp, nicolae_swamp_fairy_circle, swamp_pool4,
          water_boxes_lemuel
Swamp:2:  nicolae_swamp_phyte_club, layout_falls_marsh, serial_swamp_ruin,
          evilmike_swamp_ruin_house_6, evilmike_swamp_ruin_rubble_2, swamp_pool4
Swamp:3:  nzn_winding_woodlands_three_and_one
          [nzn_winding_woodlands_5x15_parted, nzn_winding_woodlands_5x15_zeroes,
          nzn_winding_woodlands_5x15_split_checker,
          nzn_winding_woodlands_center_diamonds], layout_basic_swamp,
          basic_altar
Swamp:4:  grunt_swamp_rune_castle, layout_basic_swamp, uniq_donald
Snake:1:  layout_misc_corridors, uniq_josephine, uniq_asterion
Snake:2:  layout_layer_cave, ebering_ghost_rock_garden, drop_trap,
          serial_bayou_shore_b, serial_bayou_shore_a, uniq_aizul, uniq_vashnia,
          uniq_louise
Snake:3:  layout_misc_corridors, basic_altar, drop_trap, nicolae_snake_shapes,
          minmay_shop_star
Snake:4:  minmay_snake_end_coiled, layout_grid_maze, drop_trap, uniq_bai_suzhen
Slime:1:  layout_caves, nicolae_slime_phagocytosis
Slime:2:  layout_caves, nicolae_slime_barrier
Slime:3:  layout_caves
Slime:4:  layout_caves
Slime:5
Orc:1:    layout_caves, rock_pile
Orc:2:    grunt_orc_gardens, layout_caves, grunt_orc_garden, grunt_orc_garden,
          grunt_orc_garden, grunt_orc_garden, bloody_trog, uniq_snorg
Elf:1:    minmay_the_grid_square_5x5_5x5
          [minmay_the_grid_square_5x5_checkered_sparse,
          minmay_the_grid_square_5x5_six_small,
          minmay_the_grid_square_5x5_moneybag,
          minmay_the_grid_square_5x5_checkered_statues,
          minmay_the_grid_square_5x5_dogpile,
          minmay_the_grid_square_5x5_minivault,
          minmay_the_grid_square_5x5_prize_junk,
          minmay_the_grid_square_5x5_three_small,
          minmay_the_grid_square_5x5_prize_waves,
          minmay_the_grid_square_5x5_hourglass,
          minmay_the_grid_square_5x5_one_wall, minmay_the_grid_square_5x5_empty,
          minmay_the_grid_square_5x5_prize_monsterx,
          minmay_the_grid_square_5x5_longway,
          minmay_the_grid_square_5x5_misaligned,
          minmay_the_grid_square_5x5_fancy_junction,
          minmay_the_grid_square_5x5_prize_pseudospiral,
          minmay_the_grid_square_5x5_shuriken,
          minmay_the_grid_square_5x5_prize_rear_guard,
          minmay_the_grid_square_5x5_z, minmay_the_grid_square_5x5_inset,
          minmay_the_grid_square_5x5_v, minmay_the_grid_square_5x5_three,
          minmay_the_grid_square_5x5_slash,
          minmay_the_grid_square_5x5_intrusive_squares], layout_loops_corners,
          serial_shops, shop, portal_ice_cave_entry_pillars_three,
          evilmike_minifort, st_stairs_9
Elf:2:    layout_loops_cross, serial_shops, bzr_entry_water,
          grunt_ministairs_12, minivault_26, hangedman_elf_power_crystal,
          einodemon_crawler_minivault
Elf:3:    minmay_elf_hall_circle, layout_gridlike, basic_altar, moated_statue
Vaults:1: vaults_room_hallway, nicolae_vaults_little_squares_6,
          vaults_room_guarded_vault, v_misc_25, serial_ice_b, vaults_dpeg_ring,
          nicolae_vaults_little_squares_5, v_alt_pattern_1,
          grunt_vaults_diagonal, v_misc_27, ontoclasm_vaults_tryst,
          nicolae_vaults_border_crossing, ontoclasm_vaults_fault, v_misc_19,
          ontoclasm_vaults_spin, vaults_room_fours,
          nicolae_vaults_ninety_degrees, hangedman_vaults_nails,
          layout_vaults_big_cross, basic_altar
Vaults:2: vaults_room_large_hall, gammafunk_sealed_arena, v_rooms_3, v_misc_32,
          nicolae_vaults_rhombus_6, nicolae_vaults_mini_display_case,
          v_alt_pattern_2, layout_vaults_omnigrid
Vaults:3: nicolae_vaults_an_arrangement, nicolae_vaults_stairing_the_circle,
          v_alt_pattern_5, vaults_room_ringed_pool, vaults_room_pools,
          vaults_mumra_lcd, layout_vaults_chaotic_city
Vaults:4: gammafunk_vaults_ghost_crypt, vaults_dpeg_encased_lava,
          hangedman_vaults_slice, vaults_standard_mumra_x, vaults_room_pools,
          ontoclasm_vaults_ligature, gammafunk_sealed_library,
          vaults_dpeg_spiral, v_pattern_4, vaults_mumra_hex,
          ontoclasm_vaults_ring_large, nicolae_vaults_three_branches,
          vaults_room_door_ring, nicolae_vaults_yaktaur_gun_rack,
          nicolae_vaults_specimen_jars, nicolae_vaults_gold_heap,
          layout_vaults_omnibox, uniq_margery, uniq_xtahua
Crypt:1:  layout_chaotic_city, minmay_guarded_unrand_vampires_tooth,
          grunt_crypt_arrival_guarded_gate, uniq_sojobo, uniq_boris
Crypt:2:  layout_regular_city, item_on_display_a
Crypt:3:  due_elkab, layout_chaotic_city, nicolae_tomb_entry_rubble_hallway,
          nicolae_crypt_niches
Depths:1: layout_long_grid, serial_shops, shop, grunt_hell_entry_demonic_statue,
          serial_bayou_pond_a, grunt_tower_of_power, uniq_nikola
Depths:2: kennysheep_snake, layout_gridlike, hell_entry, glass_columns_b,
          serial_shops, shop, kennysheep_random_hallway
Depths:3: grunt_twisty_corner, layout_honeycomb, enter_ziggurat_c,
          pf_hell_entry_tar_spiral, pan_entry, minmay_misc_feat_pillars,
          serial_shops, shop, chequers_serial_rivers_room_a,
          minmay_fractal_squares_gapless_7, minmay_staircase_bubble
Depths:4: evilmike_negative_zone, layout_gridlike, abyss_entry, pf_coc_iceberg,
          moated_statue, infiniplex_staircase_zigzag_5
Depths:5: evilmike_zot_entry_hall, layout_cave_shapes, hell_entry,
          mu_enter_wizlab_6, abyss_entry_glasseish, minivault_14,
          uniq_saint_roka
Zot:1:    layout_misc_corridors
Zot:2:    nicolae_zot_stationary_front, layout_onion_interference
Zot:3:    layout_basic, gammafunk_ghost_door_vault
Zot:4:    layout_basic, grunt_megastairs_3
Zot:5:    layout_twisted_circle, grunt_ministairs_15

Skill      XL: |  1  2  3  4  5  6  7  8  9 10 11 12 13 14 15 16 17 18 19 20 21 22 23 24 25 26 27 |
---------------+----------------------------------------------------------------------------------+-----
Fighting       | 4 5 6 7 8 10 11 12 14 15 16 17 19 20 22 23 24 25 26 27 | 27.0
Axes           | 4 5 6 7 8 9 10 12 13 15 17 | 17.8
Armour         | 3 4 5 6 8 9 10 12 13 14 15 16 17 19 21 22 23 24 25 27 | 27.0
Dodging        | 3 4 5 8 10 14 16 19 | 19.4
Evocations     | 2 4 5 6 7 8 9 10 11 12 13 14 15 20 | 20.7
Polearms       | 4 8 |  8.7
Shields        | 1 3 4 8 11 14 15 17 20 23 25 | 25.0
Maces & Flails | 7 11 12 14 | 14.1

Action                   |  1- 3 |  4- 6 |  7- 9 | 10-12 | 13-15 | 16-18 | 19-21 | 22-24 | 25-27 || total
-------------------------+-------+-------+-------+-------+-------+-------+-------+-------+-------++-------
Melee: Hand axe          |    81 |   108 |   228 |   315 |       |       |       |       |       ||   732
       Headbutt          |     5 |    13 |    38 |   148 |   339 |   466 |   575 |   543 |   937 ||  3064
       Spear             |       |       |       |   349 |    41 |       |       |       |       ||   390
       Morningstar       |       |       |       |       |  1133 |  1259 |  1007 |       |   296 ||  3695
       Unarmed           |       |       |       |       |     1 |       |       |       |       ||     1
       Demon whip        |       |       |       |       |       |    66 |   587 |   860 |  1772 ||  3285
       Broad axe         |       |       |       |       |       |       |       |   611 |   853 ||  1464
Throw: Throwing net      |       |       |       |       |       |       |     1 |       |       ||     1
Invok: Berserk           |       |       |     5 |     2 |     1 |     1 |       |       |       ||     9
       Trog's Hand       |       |       |     3 |     7 |    13 |     8 |    15 |     4 |    12 ||    62
       Brothers in Arms  |       |       |       |       |     3 |     3 |     4 |     2 |     7 ||    19
 Abil: Evoke Blink       |       |       |       |       |       |     4 |     1 |       |       ||     5
       Evoke Invisibilit |       |       |       |       |       |       |     1 |       |     2 ||     3
Evoke: Wand              |       |       |       |    12 |    58 |     5 |       |       |       ||    75
       Phantom mirror    |       |       |       |       |     4 |     4 |     3 |       |     2 ||    13
       Condenser vane    |       |       |       |       |       |     3 |     1 |     4 |     6 ||    14
       Tin of tremorston |       |       |       |       |       |     2 |     4 |    12 |    12 ||    30
       Lightning rod     |       |       |       |       |       |       |       |    17 |     7 ||    24
       Box of beasts     |       |       |       |       |       |       |       |     1 |     3 ||     4
       Phial of floods   |       |       |       |       |       |       |       |       |     5 ||     5
  Use: Scroll            |       |       |     7 |     8 |    22 |     7 |    14 |       |    26 ||    84
       Potion            |       |       |       |     3 |     8 |     1 |    11 |     2 |    13 ||    38
 Stab: Paralysed         |       |       |       |     2 |       |       |       |       |       ||     2
       Distracted        |       |       |       |       |       |     1 |     2 |       |     6 ||     9
       Invisible         |       |       |       |       |       |       |       |       |     6 ||     6
Armor: Leather armour    |     6 |       |       |       |       |       |       |       |       ||     6
       Chain mail        |    36 |    34 |    82 |   172 |       |   256 |   200 |       |       ||   780
       Plate armour      |       |       |       |    67 |   534 |    96 |       |       |       ||   697
       Skin              |       |       |       |       |    12 |       |       |       |     6 ||    18
       Crystal plate arm |       |       |       |       |       |       |   148 |   380 |   833 ||  1361
Dodge: Dodged            |    33 |    46 |    73 |   246 |   341 |   288 |   363 |   336 |   706 ||  2432
Block: Other             |       |       |       |    37 |     6 |       |       |       |       ||    43
       Reflection        |       |       |       |     1 |    57 |   167 |   180 |    77 |    95 ||   577
       Buckler           |       |       |       |       |   210 |       |       |       |       ||   210
       Kite shield       |       |       |       |       |   670 |  1311 |  1444 |  1157 |  2567 ||  7149
